 Dungeon Crawl Stone Soup version 0.29-a0-251-g80730f7218 (webtiles) character file.

Game seed: 14640602710345174198

7 siradein the Magician (level 2, -3/21 HPs)
             Began as a Djinni Necromancer on Mar 6, 2022.
             Shot with a sling bullet by a hobgoblin (7 damage)
             ... on level 1 of the Dungeon.
             The game lasted 00:01:07 (341 turns).

siradein the Magician (Djinni Necromancer)           Turns: 341, Time: 00:01:08

Health: -3/21      AC:  2    Str:  7    XL:     2   Next: 10%
Gold:   0          EV: 12    Int: 16    God:
                   SH:  0    Dex: 13

rFire   + + .      SeeInvis .   b - +2 short sword (flame)
rCold   x . .      Faith    .   (no shield)
rNeg    . . .      Spirit   .   a - +0 robe
rPois   ∞          Reflect  .   (no helmet)
rElec   .          Harm     .   (no cloak)
rCorr   .          Rampage  .   (no gloves)
Will    .....                   (boots unavailable)
Stlth   ++........              (no amulet)
HPRegen 0.07/turn               (no ring)
MPRegen 0.00/turn               (no ring)

@: flying
A: sickness immunity, fire resistance 2, cold vulnerability 1, float, innate
caster, HP casting, extra vitality 1
a: no special abilities


You were on level 1 of the Dungeon.
You visited 1 branch of the dungeon, and saw 1 of its levels.

Inventory:

Hand Weapons
 b - a +2 short sword of flaming (weapon)
Armour
 a - a +0 robe (worn)


   Skills:
 - Level 2.1 Dodging
 - Level 1.5 Stealth
 * Level 3.5 Spellcasting


You couldn't memorise any spells.
You knew the following spells:

 Your Spells              Type           Power      Damage    Failure   Level
a - Pain                  Necr           56%        1d6       4%          1
b - Animate Skeleton      Necr           28%        N/A       4%          1
c - Vampiric Draining     Necr           14%        2d7       12%         3
d - Animate Dead          Necr           7%         N/A       38%         4
e - Agony                 Necr           14%        N/A       75%         5
Your spell library was empty.

Dungeon Overview and Level Annotations

Branches:
Dungeon (1/15)

Altars:


Innate Abilities, Weirdness & Mutations

You are immune to sickness and miasma.
You are immune to poison.
Your flesh is very heat resistant. (rF++)
You are vulnerable to cold. (rC-)
You float through the air rather than walking.
You learn spells naturally, not from books.
Your magical power is your life essence.
You have superior vitality. (+4 MHP)


Message History

The quokka misses you.
You miss the quokka.
The quokka is almost dead.
The quokka bites you but does no damage. x2
You closely miss the quokka.
The quokka is almost dead.
The quokka bites you.
You closely miss the quokka.
The quokka is almost dead.
The kobold closely misses you. The quokka barely misses you.
You hit the quokka. You burn the quokka.
You kill the quokka!
The kobold barely misses you.
You have reached level 2!
You hit the kobold. You burn the kobold.
You kill the kobold!
No target in view!
No target in view!
Unknown command.
A hobgoblin is nearby!
A hobgoblin is nearby!
A hobgoblin is nearby!
Found 24 stones.
The hobgoblin shouts!
The hobgoblin shoots a sling bullet.
The sling bullet barely misses you.
You see here a +0 whip.
Found a bubbling white potion.
The hobgoblin shoots a sling bullet.
The sling bullet hits you!
A rat comes into view.
The hobgoblin shoots a sling bullet.
The sling bullet barely misses you.
The hobgoblin shoots a sling bullet.
The sling bullet barely misses you.
The hobgoblin shoots a sling bullet.
The sling bullet hits you.
* * * LOW HITPOINT WARNING * * *
You are too injured to fight recklessly!
You are too injured to fight recklessly!
The hobgoblin shoots a sling bullet.
The sling bullet barely misses you.
The hobgoblin shoots a sling bullet.
The sling bullet hits you.
* * * LOW HITPOINT WARNING * * *
The hobgoblin shoots a sling bullet.
The sling bullet hits you!
You die...

.......).....#
##§§≈≈≈≈≈≈≈#
#.#..........# #
#≈≈≈≈§#§≈≈≈
#............# .#
##§≈≈§≈≈≈≈§
##..........## #.#
###§§≈≈§≈#
##..........##..#
########
.##..........#...#
...............#.#
..#..?.$......#..#
.##..........@#.#####
##...:......#......
##............!...
###..)..r........
#........g.....
..................
...................
(..................
...................


You could see a hobgoblin and a rat.

Vanquished Creatures
  A ball python (D:1)
  3 kobolds (D:1)
  A quokka (D:1)
  A bat (D:1)
  A goblin (D:1)
  A rat (D:1)
8 creatures vanquished.

Notes
Turn   | Place    | Note
-------+----------+-------------------------------------------
     0 | D:1      | siradein the Djinni Necromancer began the quest for the
                  | Orb.
     0 | D:1      | Reached XP level 1. HP: 15/15 MP: 0/0
   328 | D:1      | Reached XP level 2. HP: 18/21 MP: 0/0
   341 | D:1      | Shot with a sling bullet by a hobgoblin

Illustrated notes

Levels and vault maps discovered:
D:1:      lightli_molten_gateway, layout_rooms,
          dilly_ecumenical_altar_fadedgnrine, serial_shops, shop,
          minmay_hexomino_p4

Action                   || total
-------------------------++-------
Melee: Short sword       ||    24
 Cast: Pain              ||     1
       Animate Skeleton  ||     1
Armor: Robe              ||     4
Dodge: Dodged            ||    31

Table legend: (Time is in decaauts)
 A = Elapsed time spent in this place.
 B = Non-inter-level travel time spent in this place.
 C = Inter-level travel time spent in this place.
 D = Time resting spent in this place.
 E = Time spent auto-exploring this place.
 F = Levels seen in this place.
 G = Mean time per level.
                   A        B        C        D        E       F      G
               +--------+--------+--------+--------+--------+-----+--------+
         Total |    342 |    342 |      0 |    176 |     63 |   1 |  342.0 |
       Dungeon |    342 |    342 |      0 |    176 |     63 |   1 |  342.0 |
               +--------+--------+--------+--------+--------+-----+--------+

Top non-repeatable levels by time:
     D:1: 342 daAuts
